 Dungeon Crawl Stone Soup: Circus Animals version 1.7-37-g2c94cca (webtiles) character file.

13166 Ihatecarrots00 the Cleaver (level 18, -8/363 HPs) *EASY*
             Began as a Lava Orc Berserker on Oct 24, 2016.
             Was the Champion of Trog.
             Killed by the raging water
             ... invoked by a water nymph
              (22 damage)
             ... on level 4 of the Shoals on Oct 28, 2016.
             The game lasted 01:28:30 (33418 turns).

Ihatecarrots00 the Cleaver (Lava Orc Berserker)    Turns: 33418, Time: 01:28:30

Health: -8/363     AC: 64    Str: 26    XL:     18   Next: 12%
Magic:  100/100    EV:  1    Int:  6    God:    Trog [******]
Gold:   2144       SH:  0    Dex: 10    Spells: 0 memorised, 17 levels left

rFire  + + +     rPois    +     G - +14 great sword of Sicsair {flame, rN+ Stlth+}
rCold  + . .     rElec    +     j - +10 plate armour of the Hippo {rPois Int-3 Dex-3 Stlth+}
rNeg   + + +     rCorr    +     (shield currently unavailable) MagicSh . . . SeeInvis .
                                F - +2 helmet "Ufinaqui" {rElec rC+ RegenHP+} StaminaSh . . . Faith .
                                (no cloak) RegenHP ++++++....
SustAt .                        (no gloves) RegenSP +++....... Dismiss .
                                (no boots) RegenMP +++....... Reflect .
                                (no amulet)
MR     +....     Harm     .     (no ring)
Stlth  .......... NoTele   +    r - ring of the Thirteen Gods {rN+ Dex+3 Stlth+}

@: confused, tree-form, resistant, engulfed, power, quick, very quick, somewhat
resistant to hostile enchantments, extremely unstealthy
A: large bone plates 1, quick casting 1
a: Berserk, Trog's Hand, Brothers in Arms, Burn Spellbooks, Renounce Religion


You were on level 4 of the Shoals.
You worshipped Trog.
Trog was exalted by your worship.
You were not hungry.
You were a tree.
You visited 4 branches of the dungeon, and saw 25 of its levels.
You also visited: Labyrinth.

You collected 4017 gold pieces.
You spent 1873 gold pieces at shops.

Inventory:

Hand Weapons
 n - the +14 obsidian axe (quivered) {chop, +Fly SInv *Curse}
   (You found it on level 6 of the Dungeon)

   It inflicts extra damage upon your enemies.
   It lets you see invisible.
   It lets you fly.
   It may re-curse itself when equipped.
 v - a +0 great sword of holy wrath
 y - a +1 demon blade of electrocution
 z - a +6 triple sword of draining
 G - the +14 great sword of Sicsair (weapon) {flame, rN+ Stlth+}
   (Trog gifted it to you on level 7 of the Orcish Mines)

   It has been specially enchanted to burn those struck by it, causing extra
   injury to most foes and up to half again as much damage against particularly
   susceptible opponents.
   Big, fiery blades are also staple armaments of hydra-hunters.
   It protects you from negative energy.
   It makes you more stealthy.
 H - the +1 quarterstaff of Vicrage {flame, rPois}
   (Trog gifted it to you on level 7 of the Orcish Mines)

   It has been specially enchanted to burn those struck by it, causing extra
   injury to most foes and up to half again as much damage against particularly
   susceptible opponents.
   It protects you from poison.
Armour
 h - the +1 chain mail of Lugonu's Regard {rElec rF++ rN+ Slay-3, unknown}
   (You acquired it on level 1 of the Shoals)

   It affects your accuracy and damage with ranged weapons and melee attacks
   (-3).
   It greatly protects you from fire.
   It insulates you from electricity.
   It protects you from negative energy.
 j - the +10 plate armour of the Hippo (worn) {rPois Int-3 Dex-3 Stlth+}
   (You found it on level 2 of the Shoals)

   It affects your intelligence (-3).
   It affects your dexterity (-3).
   It protects you from poison.
   It makes you more stealthy.
 E - a +3 crystal plate armour
 F - the +2 helmet "Ufinaqui" (worn) {rElec rC+ RegenHP+}
   (You bought it in a shop on level 5 of the Orcish Mines)

   It protects you from cold.
   It insulates you from electricity.
   It increases your rate of regeneration.
Jewellery
 a - an uncursed amulet of quick casting
 b - an uncursed ring of ice
 e - an uncursed ring of flight
 f - an uncursed ring of poison resistance
 g - a +3 ring of dexterity
 i - an uncursed amulet of magic shield
 k - an uncursed amulet of stamina shield
 p - a +4 ring of dexterity
 r - the ring of the Thirteen Gods (left branch) {rN+ Dex+3 Stlth+}
   (You found it on level 1 of the Lair of Beasts)

   [ring of positive energy]

   It affects your dexterity (+3).
   It protects you from negative energy.
   It makes you more stealthy.
 s - an uncursed amulet of dismissal {unknown}
 t - an uncursed ring of fire {unknown}
 u - the ring of Caisoi {rPois rF+ rC- Str+3 SInv, unknown}
   (You found it in a labyrinth)

   [ring of poison resistance]

   It affects your strength (+3).
   It protects you from fire.
   It makes you vulnerable to cold.
   It protects you from poison.
   It lets you see invisible.
 w - an uncursed amulet of harm
 x - a +4 ring of evasion {unknown}
 A - an uncursed amulet of stamina regeneration {unknown}
 I - a cursed ring of loudness {unknown}
Wands
 c - a wand of flame (39/48)
 d - a wand of enslavement (5/24)
 l - a wand of acid (16/30)
 m - a wand of iceblast (19/45)
 o - a wand of polymorph (12/24)
 q - a wand of lightning (50/53)
 B - a wand of teleportation (0/9)
 C - a wand of slowing (27/48)
 D - a wand of disintegration (10/24)
Scrolls
 g - 2 scrolls of recharging
 h - 2 scrolls of enchant weapon
 i - 5 scrolls of noise
 j - 5 scrolls of fear
 k - 4 scrolls of magic mapping
 l - 6 scrolls of teleportation
 m - 2 scrolls of fog
 n - 9 scrolls of remove curse
 v - 6 scrolls of blinking
 w - 6 scrolls of immolation
 y - 8 scrolls of identify
 C - 2 scrolls of amnesia
 H - 2 scrolls of enchant armour
 I - 3 scrolls of vulnerability
 J - 2 scrolls of silence
Potions
 b - 27 potions of stamina
 c - 11 potions of magic
 d - 6 potions of degeneration
 e - 7 potions of agility
 f - 14 potions of curing
 o - 3 potions of beneficial mutation
 p - 7 potions of ambrosia
 r - 3 potions of mutation
 s - 6 potions of invisibility {unknown}
 t - 6 potions of lignification
 z - 5 potions of flight {unknown}
 A - 3 potions of haste {unknown}
 B - 4 potions of brilliance {unknown}
 E - 2 potions of berserk rage {unknown}
 F - 9 potions of cure mutation {unknown}
 G - 8 potions of might {unknown}
Books
 u - a book of Summonings

   Spells                             Type                      Level
   a - Recall                         Summoning/Translocation      3
   b - Aura of Abjuration             Summoning/Poison/Time        5
   c - Summon Demon                   Summoning/Darkness           5
   d - Summon Forest                  Summoning/Translocation/Earth 5
   e - Summon Mana viper              Hexes/Summoning              5
   f - Shadow Creatures               Summoning/Darkness           6
   Trog disapproves of the use of such an item.
 x - a book of Party Tricks

   Spells                             Type                      Level
   a - Summon Butterflies             Summoning/Air                1
   b - Apportation                    Translocation                1
   c - Tukima's Dance                 Hexes/Summoning              3
   d - Alistair's Intoxication        Hexes/Transmutation/Poison   5
   e - Invisibility                   Charms/Transmutation/Darkness 6
   Trog disapproves of the use of such an item.
 D - a book of Spatial Translocations

   Spells                             Type                      Level
   a - Apportation                    Translocation                1
   b - Blink                          Translocation                2
   c - Shroud of Golubria             Charms/Translocation         2
   d - Portal Projectile              Translocation/Air            3
   e - Teleport Other                 Hexes/Translocation          3
   f - Passage of Golubria            Translocation/Air            4
   Trog disapproves of the use of such an item.
 K - a book of the Sky

   Spells                             Type                      Level
   a - Airstrike                      Air                          4
   b - Summon Lightning Spire         Summoning/Air                5
   c - Silence                        Hexes/Air/Darkness           5
   d - Deflect Missiles               Charms/Air                   6
   e - Conjure Ball Lightning         Conjuration/Translocation/Air 6
   f - Tornado                        Air                          9
   Trog disapproves of the use of such an item.
 L - a book of Radiance

   Spells                             Type                      Level
   a - Fireball                       Conjuration/Fire/Light       5
 b - Dispel Undead Transmutation/Necromancy/Light5
 c - Iskenderun's Battlesphere Conjuration/Charms/Light 5
 d - Irradiate Conjuration/Light 5 Trog disapproves of the use of such an item.


   Skills:
 + Level 13.7 Fighting
 + Level 6.1 Long Blades
 + Level 14.0 Axes
 + Level 4.7 Staves
 + Level 12.0 Armour
 + Level 9.3 Dodging


You had 17 spell levels left.
You didn't know any spells.

Dungeon Overview and Level Annotations

Branches:
Dungeon (7/7)               Dwarf (0/4) Orc:4           Elf (0/4) Orc:4
 Forest (0/7) Orc:7          Lair (7/7) D:7             Orc (7/7) Lair:7
 Shoals (4/4) Lair:6        Snake (0/4) Lair:6       Spider (0/4) Orc:6
  Swamp (0/4) Lair:6

Altars:
Ashenzari
Dithmenos
Elyvilon
Kikubaaqudgha
Makhleb
Okawaru
Pakellas
Qazlal
Ru
Trog
Beogh
Jiyva

Shops:
Orc:2 :   Orc:5 [   Orc:7 [:*[(   Shoals:1 ?   Shoals:3 (

Annotations:
Shoals:4 Ilsuiw


Innate Abilities, Weirdness & Mutations

You are partially covered in large bone plates. (AC +2, SH +2)
Spell casting takes 75% of normal time.


Message History

The water elemental is burned by your radiant heat. (mon hp-7)
You destroy the water elemental!
Something hits you but does no damage.
It was a potion of lignification.
You turn into a tree.
Your roots penetrate the ground.
The water nymph is engulfed in a cloud of scalding steam. (mon hp-1)
The water elemental is engulfed in a cloud of scalding steam. (mon hp-1)
The water elemental is burned by your radiant heat. (mon hp-6)
The water elemental hits you. (hp-1)
* * * LOW HITPOINT WARNING * * *; The water elemental engulfs you in water!
The water elemental is singed by your heat. (mon hp-1)
Something hits you but does no damage.
The water elemental is burned by your radiant heat. (mon hp-9)
The water elemental hits you.
The water elemental is burned terribly!
The water elemental is singed by your heat. (mon hp-3)
The water nymph is engulfed in a cloud of scalding steam. (mon hp-8)
The water nymph is burned by your radiant heat. (mon hp-3)
The water nymph gestures at you while chanting.
The water swirls and strikes you! (hp-22)
You die...

≈≈≈≈≈≈≈≈≈≈≈≈≈≈≈≈≈≈≈≈≈≈≈≈≈≈≈≈.....
≈≈≈≈≈≈≈≈≈≈≈≈≈≈≈≈≈≈≈≈≈≈≈≈≈≈≈≈.....
≈≈≈≈≈≈≈≈≈≈≈≈≈≈)≈≈≈≈≈≈≈≈≈≈≈≈≈.....
≈≈≈≈≈≈≈≈≈≈≈≈≈≈≈≈≈≈≈≈≈≈≈≈≈≈≈≈.....
≈≈≈≈≈≈≈≈≈≈≈≈≈≈≈≈≈≈≈≈≈≈≈≈≈≈≈......
≈≈≈≈≈≈≈≈≈≈≈≈≈≈≈≈≈≈≈≈≈≈≈≈≈........
≈≈≈≈≈≈≈≈≈≈≈≈≈≈{≈≈≈≈)≈≈######.....
≈≈≈≈≈≈≈≈≈≈≈≈≈≈§§§§))†#....≈##....
≈≈≈≈≈≈≈≈≈≈≈≈≈≈≈E♣≈))#≈#....≈##...
≈≈≈≈≈≈≈≈≈≈≈≈≈≈≈m≈§≈#≈#≈≈≈#..≈#..≈
≈≈≈≈≈≈≈≈≈≈≈≈≈≈§§≈)≈#≈≈≈≈#≈≈.≈#≈≈≈
≈≈≈≈≈≈≈≈≈≈≈≈≈≈≈≈≈≈≈#≈≈≈##≈≈.≈#≈≈≈
≈≈≈≈≈≈≈≈≈≈≈≈≈≈≈≈≈≈≈#≈≈#≈≈≈..≈#≈≈≈
≈≈≈≈≈≈≈≈≈≈≈≈≈≈≈≈≈≈≈#≈≈≈≈≈≈≈#≈#≈≈≈
≈≈≈≈≈≈≈≈≈≈≈≈≈≈≈≈≈≈≈##≈≈≈≈≈*≈*#≈≈≈
≈≈≈≈≈≈≈≈≈≈≈≈≈≈≈≈≈≈≈≈**≈≈≈≈≈**≈≈≈≈
≈≈≈≈≈≈≈≈≈≈≈≈≈≈≈≈≈≈≈≈≈*******≈≈≈≈≈


You could see a water elemental and a water nymph.

Vanquished Creatures
  Jorgrun (Shoals:3)
  Roxanne (Shoals:4)
  2 frost giants
  Maud (Lair:7)
  3 orc warlords (Orc:7)
  5 stone giants
  A minotaur (Lab)
  3 ettins
  2 merfolk javelineers (Shoals:4)
  5 merfolk impalers
  A fire dragon (Lair:7)
  Josephine (Lair:6)
  2 catoblepae
  9 hydras
  A merfolk avatar (Shoals:3)
  An alligator snapping turtle (Shoals:3)
  3 merfolk aquamancers
  Fannar (Lair:2)
  A queen ant (Lair:5)
  5 death yaks
  An ogre mage (Orc:7)
  5 satyrs
  12 orc high priests
  Nergalle (Orc:5)
  2 fire crabs (Lair:7)
  11 sea snakes
  A lindwurm (Lair:5)
  14 griffons
  5 orc knights
  An oklob plant (Lair:5)
  7 fauns
  26 cyclopes
  10 orc sorcerers
  7 manticores
  20 elephants
  18 harpies
  6 water nymphs
  Pikel (Lair:5)
  9 sirens
  2 torpor snails (Lair:7)
  12 black mambas
  8 spiny frogs
  5 komodo dragons
  2 gargoyles (Lab)
  43 merfolk
  A tengu conjurer (Lair:3)
  Maurice (Orc:4)
  12 rime drakes
  3 wind drakes (Shoals:2)
  8 snapping turtles
  8 trolls
  7 polar bears (Lair:7)
  4 raiju (Lair:7)
  2 redbacks (Lab)
  51 blink frogs
  5 two-headed ogres (Orc:7)
  52 yaks
  9 hippogriffs
  5 wraiths (Lair:6)
  6 basilisks
  12 water elementals
  A wyvern (Lair:7)
  19 soldier ants (Lair:5)
  15 wargs
  13 black bears
  2 nagas (Lair:6)
  6 hell hounds (Lair:7)
  10 water moccasins
  Purgy (D:4)
  A sky beast (D:7)
  A steam dragon (Lair:7)
  An ice beast (D:5)
  3 slaves (Lair:5)
  21 ogres
  12 crocodiles
  6 porcupines
  46 orc warriors
  3 swamp drakes (Lair:7)
  A wasp (Lair:4)
  21 wolves
  3 centaurs
  17 giant frogs
  2 gnoll sergeants
  A scorpion (D:7)
  A centaur zombie (D:5)
  2 giant frog skeletons
  A giant frog zombie (D:6)
  3 killer bees (D:7)
  2 crimson imps
  6 electric eels
  7 dart slugs
  17 hounds
  4 jellies (Orc:4)
  32 orc priests
  37 orc wizards
  3 vampire bats (D:3)
  Crazy Yiuf (D:2)
  7 giant geckos
  5 hell rats (Lair:4)
  15 iguanas
  267 orcs
  37 sheep
  21 worker ants
  9 adders
  5 bat skeletons (D:3)
  A bat zombie (D:3)
  5 giant cockroaches
  13 gnolls
  7 hobgoblins
  8 jackals
  8 quokkas
  61 river rats
  12 white imps (Lair:3)
  A ball python (D:7)
  18 bats
  2 giant gecko skeletons
  A giant gecko zombie (D:5)
  8 giant newts
  11 goblins
  2 hound skeletons (D:3)
  8 kobolds
  An ooze (D:2)
  12 rats
  5 worms
  11 fungi
  23 plants
1370 creatures vanquished.

Vanquished Creatures (collateral kills)
  An orc warlord (Orc:5)
  A hydra (Lair:4)
  A catoblepas (Lair:2)
  An orc high priest (Orc:7)
  2 sea snakes (Shoals:1)
  2 griffons
  An orc knight (Orc:7)
  A harpy (Shoals:1)
  7 elephants
  A water nymph (Shoals:1)
  6 komodo dragons
  A merfolk (Shoals:1)
  6 spiny frogs
  A two-headed ogre (Orc:7)
  4 blink frogs (Lair:1)
  10 yaks
  A hippogriff (Lair:2)
  A water elemental (Shoals:1)
  A basilisk (Lair:2)
  A soldier ant (Lair:5)
  3 water moccasins
  An ice beast (D:7)
  An ogre (Orc:7)
  6 crocodiles
  2 porcupines
  2 orc warriors (Orc:7)
  4 wolves (Lair:2)
  3 giant frogs
  A scorpion (D:7)
  A hound (Lair:7)
  2 orc priests
  2 orc wizards
  A giant gecko (D:7)
  2 iguanas
  9 orcs
  A sheep (D:7)
  3 jackals (Lair:7)
  14 river rats
  2 fungi
  A plant (Lair:2)
111 creatures vanquished.

Vanquished Creatures (others)
  A cyclops (Shoals:2)
  A merfolk (Shoals:4)
  A polar bear (Lair:7)
  A black bear (Lair:7)
  An orc wizard (Orc:7)
  A bush (Shoals:1)
  4 fungi
  10 plants
20 creatures vanquished.

Grand Total: 1501 creatures vanquished

Notes
Turn   | Place    | Note
-------+----------+-------------------------------------------
     0 | D:1      | Ihatecarrots00 the Lava Orc Berserker began the quest for the Orb.
     0 | D:1      | Reached XP level 1. HP: 39/39 MP: 100/100
   540 | D:1      | Reached XP level 2. HP: 48/51 MP: 100/100
   655 | D:1      | Reached XP level 3. HP: 63/63 MP: 100/100
  1306 | D:2      | Reached ** piety under Trog
  1314 | D:2      | Reached skill level 5 in Axes
  1519 | D:2      | Reached XP level 4. HP: 71/76 MP: 100/100
  1683 | D:2      | Reached *** piety under Trog
  1738 | D:2      | Found a runed door.
  1938 | D:2      | Noticed Crazy Yiuf
  1944 | D:2      | Killed Crazy Yiuf
  2107 | D:3      | Found a sacrificial altar of Ru.
  2632 | D:3      | Reached **** piety under Trog
  2853 | D:3      | Reached XP level 5. HP: 88/88 MP: 100/100
  2921 | D:3      | Found an ancient bone altar of Kikubaaqudgha.
  2990 | D:3      | Found an iron altar of Okawaru.
  3623 | D:4      | Found a faded altar of an unknown god.
  3760 | D:4      | Noticed Purgy
  3780 | D:4      | Killed Purgy
  4124 | D:5      | Entered Level 5 of the Dungeon
  4221 | D:5      | Reached skill level 5 in Fighting
  4244 | D:5      | Reached ***** piety under Trog
  4266 | D:5      | Reached XP level 6. HP: 85/100 MP: 100/100
  4510 | D:5      | Found a stormy altar of Qazlal.
  4511 | D:5      | Found a burning altar of Makhleb.
  4656 | D:5      | Found an oddly glowing altar of Pakellas.
  4966 | D:6      | Found a white marble altar of Elyvilon.
  5028 | D:6      | Received a gift from Trog
  5175 | D:6      | Found a bloodstained altar of Trog.
  5432 | D:7      | Entered Level 7 of the Dungeon
  5437 | D:7      | Noticed a death yak
  5439 | D:7      | Noticed an elephant
  5445 | D:7      | Killed a death yak
  5445 | D:7      | Reached XP level 7. HP: 65/112 MP: 25/25
  5448 | D:7      | Killed an elephant
  5448 | D:7      | Reached XP level 8. HP: 73/124 MP: 25/25
  5494 | D:7      | Found a shadowy altar of Dithmenos.
  5620 | D:7      | Reached skill level 6 in Axes
  5729 | D:7      | Found a shattered altar of Ashenzari.
  5735 | D:7      | Found a staircase to the Lair.
  5800 | Lair:1   | Entered Level 1 of the Lair of Beasts
  5939 | Lair:1   | Reached XP level 9. HP: 116/136 MP: 25/25
  6157 | Lair:1   | Got a glittering brass ring
  6189 | Lair:1   | Received a gift from Trog
  6194 | Lair:1   | Reached skill level 5 in Armour
  6541 | Lair:1   | Reached XP level 10. HP: 133/148 MP: 25/25
  7074 | Lair:1   | Reached skill level 7 in Axes
  7621 | Lair:1   | Identified the ring of the Thirteen Gods {rN+ Dex+3 Stlth+} (You found it on level 1 of the Lair of Beasts)
  8018 | Lair:2   | Noticed Fannar
  8031 | Lair:2   | Killed Fannar
  8137 | Lair:2   | Reached XP level 11. HP: 151/160 MP: 25/25
  8283 | Lair:2   | Reached ****** piety under Trog
  8290 | Lair:2   | Received a gift from Trog
  8621 | Lair:2   | Noticed a catoblepas
  8627 | Lair:2   | Killed a catoblepas
  9447 | Lair:3   | Found a labyrinth entrance.
  9730 | Lab      | Entered a labyrinth
  9916 | Lab      | Reached skill level 8 in Axes
 15925 | Lab      | Noticed a minotaur
 15932 | Lab      | Killed a minotaur
 15932 | Lab      | Reached skill level 5 in Dodging
 15935 | Lab      | Got a dazzling quarterstaff {pain}
 15939 | Lab      | Got a wavering golden ring
 16867 | Lair:3   | Received a gift from Trog
 17112 | Lair:3   | Reached XP level 12. HP: 165/172 MP: 27/27
 17887 | Lair:4   | Identified the +9 quarterstaff "Komamopa" {pain, Fragile rF+ Str+2 Dex+4} (You took it off a minotaur in a labyrinth)
 18393 | Lair:4   | Reached skill level 1 in Staves
 19790 | Lair:5   | Reached skill level 1 in Long Blades
 19797 | Lair:5   | Received a gift from Trog
 20252 | Lair:5   | Reached XP level 13. HP: 180/180 MP: 27/27
 20576 | Lair:5   | Noticed Pikel
 20583 | Lair:5   | Killed Pikel
 20779 | Lair:5   | Reached skill level 9 in Axes
 21282 | Lair:6   | Noticed Josephine
 21289 | Lair:6   | Killed Josephine
 21785 | Lair:6   | Found a staircase to the Snake Pit.
 21878 | Lair:6   | Received a gift from Trog
 21934 | Lair:6   | Found a staircase to the Swamp.
 21963 | Lair:6   | Reached XP level 14. HP: 181/192 MP: 27/27
 22492 | Lair:6   | Found a staircase to the Shoals.
 22850 | Lair:7   | Entered Level 7 of the Lair of Beasts
 22863 | Lair:7   | Reached skill level 10 in Axes
 22951 | Lair:7   | Reached skill level 10 in Fighting
 23124 | Lair:7   | Received a gift from Trog
 23526 | Lair:7   | Noticed Maud
 23533 | Lair:7   | Killed Maud
 23552 | Lair:7   | Reached XP level 15. HP: 192/203 MP: 27/27
 23555 | Lair:7   | Reached skill level 11 in Axes
 23622 | Lair:7   | Received a gift from Trog
 23734 | Lair:7   | Found a staircase to the Orcish Mines.
 24971 | Orc:1    | Entered Level 1 of the Orcish Mines
 24973 | Orc:1    | Received a gift from Trog
 25143 | Orc:1    | Found a roughly hewn altar of Beogh.
 25165 | Orc:1    | Received a gift from Trog
 25246 | Orc:1    | Identified a scroll of acquirement
 25634 | Orc:2    | Found Rikkimny's Book Emporium.
 25773 | Orc:3    | Received a gift from Trog
 26187 | Orc:4    | Noticed Maurice
 26194 | Orc:4    | Killed Maurice
 26220 | Orc:4    | Found a staircase to the Elven Halls.
 26427 | Orc:4    | Received a gift from Trog
 26494 | Orc:4    | Found a viscous altar of Jiyva.
 26502 | Orc:4    | Found a staircase to the Dwarven Fortress.
 26711 | Orc:5    | Found Zatremou's Antique Armour Shoppe.
 26753 | Orc:5    | Noticed Nergalle
 26757 | Orc:5    | Killed Nergalle
 26782 | Orc:5    | Bought an ichor-stained helmet for 342 gold pieces
 26787 | Orc:5    | Identified the +2 helmet "Ufinaqui" {rElec rC+ RegenHP+} (You bought it in a shop on level 5 of the Orcish Mines)
 27011 | Orc:5    | Found a roughly hewn altar of Beogh.
 27238 | Orc:6    | Found a hole to the Spider Nest.
 27310 | Orc:6    | Received a gift from Trog
 27488 | Orc:7    | Entered Level 7 of the Orcish Mines
 27495 | Orc:7    | Reached skill level 10 in Armour
 27562 | Orc:7    | Reached skill level 12 in Axes
 27562 | Orc:7    | Reached XP level 16. HP: 167/221 MP: 53/100
 27672 | Orc:7    | Paralysed by an orc sorcerer for 2 turns
 27688 | Orc:7    | Received a gift from Trog
 27848 | Orc:7    | Received a gift from Trog
 27893 | Orc:7    | Got a bloodstained great sword {god gift}
 27894 | Orc:7    | Identified the +14 great sword of Sicsair {flame, rN+ Stlth+} (Trog gifted it to you on level 7 of the Orcish Mines)
 27914 | Orc:7    | Found Plog's Antique Armour Boutique.
 27915 | Orc:7    | Found Xaeraxif's Antique Weapon Shop.
 27917 | Orc:7    | Found Xonus's General Store.
 27917 | Orc:7    | Found Ulyqifory's Book Boutique.
 27938 | Orc:7    | Bought a scroll of enchant weapon for 90 gold pieces
 27938 | Orc:7    | Bought a scroll of enchant weapon for 90 gold pieces
 28026 | Orc:7    | Found a staircase to the Enchanted Forest.
 28242 | Orc:7    | Received a gift from Trog
 28327 | Orc:7    | Received a gift from Trog
 28424 | Orc:7    | Got a jewelled quarterstaff {god gift}
 28425 | Orc:7    | Identified the +1 quarterstaff of Vicrage {flame, rPois} (Trog gifted it to you on level 7 of the Orcish Mines)
 28621 | Orc:7    | Found Urozeu's Antique Armour Shop.
 28651 | Orc:7    | Bought a pair of glowing gloves for 103 gold pieces
 28991 | Shoals:1 | Entered Level 1 of the Shoals
 29455 | Shoals:1 | Found Qall's Magic Scroll Boutique.
 29470 | Shoals:1 | Bought a scroll of identify for 32 gold pieces
 29470 | Shoals:1 | Bought a scroll of identify for 32 gold pieces
 29470 | Shoals:1 | Bought a scroll of acquirement for 832 gold pieces
 29470 | Shoals:1 | Bought a scroll of brand weapon for 320 gold pieces
 29470 | Shoals:1 | Bought a scroll of identify for 32 gold pieces
 29475 | Shoals:1 | Got a faintly humming chain mail
 29622 | Shoals:1 | Reached skill level 13 in Axes
 30303 | Shoals:2 | Reached XP level 17. HP: 210/232 MP: 100/100
 30556 | Shoals:2 | Received a gift from Trog
 30570 | Shoals:2 | Got a faintly glowing plate armour
 30571 | Shoals:2 | Identified the +10 plate armour of the Hippo {rPois Int-3 Dex-3 Stlth+} (You found it on level 2 of the Shoals)
 31261 | Shoals:3 | Noticed Jorgrun
 31268 | Shoals:3 | Killed Jorgrun
 31610 | Shoals:3 | Found Tuesmu's Weapon Shoppe.
 31719 | Shoals:3 | Received a gift from Trog
 31723 | Shoals:3 | Reached skill level 5 in Long Blades
 32487 | Shoals:4 | Entered Level 4 of the Shoals
 32663 | Shoals:4 | Received a gift from Trog
 32665 | Shoals:4 | Noticed Roxanne
 32695 | Shoals:4 | Killed Roxanne
 33103 | Shoals:4 | Reached XP level 18. HP: 245/245 MP: 100/100
 33183 | Shoals:4 | Reached skill level 14 in Axes
 33362 | Shoals:4 | Noticed Ilsuiw
 33413 | Shoals:4 | Gained mutation: You are partially covered in large bone plates. (AC +2, SH +2) [potion of mutation]
 33413 | Shoals:4 | Gained mutation: Spell casting takes 75% of normal time. [potion of mutation]
 33414 | Shoals:4 | HP: 19/245 [water elemental[Ilsuiw] (6)]
 33415 | Shoals:4 | HP: 6/245 [drowned by a water elemental[Ilsuiw] (8)]
 33418 | Shoals:4 | Killed from afar by a water nymph

Skill      XL: |  1  2  3  4  5  6  7  8  9 10 11 12 13 14 15 16 17 18 |
---------------+-------------------------------------------------------+-----
Dodging        | 2 3 4 5 6 7 8 9 |  9.3
Axes           | 5 6 7 8 9 10 12 13 14 | 14.0
Armour         | 3 4 5 6 7 8 9 10 11 12 | 12.0
Fighting       | 5 6 7 8 9 10 11 12 13 | 13.7
Staves         | 1 2 4 |  4.7
Long Blades    | 1 3 5 6 |  6.1

Action                   |  1- 3 |  4- 6 |  7- 9 | 10-12 | 13-15 | 16-18 || total
-------------------------+-------+-------+-------+-------+-------+-------++-------
Melee: Hand axe          |   101 |   422 |       |       |       |       ||   523
       Broad axe         |       |    12 |    95 |   309 |   732 |    98 ||  1246
       Quarterstaff      |       |       |       |    75 |       |       ||    75
       Demon blade       |       |       |       |    20 |       |       ||    20
       Great sword       |       |       |       |       |       |   882 ||   882
Invok: Burn Spellbooks   |       |       |       |     1 |       |     2 ||     3
       Berserk           |       |       |       |       |     5 |     2 ||     7
Evoke: Wand              |       |       |       |       |     2 |     1 ||     3
  Use: Scroll            |     4 |    11 |       |    14 |    13 |     8 ||    50
       Potion            |       |       |       |     3 |     4 |    14 ||    21
 Stab: Sleeping          |     1 |     4 |       |     2 |       |       ||     7
       Distracted        |       |       |       |       |     3 |     3 ||     6
Armor: Animal skin       |    11 |       |       |       |       |       ||    11
       Robe              |    10 |       |       |       |       |       ||    10
       Skin              |     4 |    48 |       |       |       |       ||    52
       Chain mail        |       |    68 |    40 |   249 |   241 |       ||   598
       Crystal plate arm |       |       |       |       |   147 |   390 ||   537
       Plate armour      |       |       |       |       |    73 |   650 ||   723
Dodge: Dodged            |    66 |   360 |    57 |   217 |   380 |   580 ||  1660
Block: Other             |       |       |       |       |       |     1 ||     1
